 Dungeon Crawl Stone Soup version 0.31-a0-188-g5e087ee2ca (webtiles) character file.

Game seed: 12159809030556507065

90 qw the Shooter (level 4, -1/25 HPs)
             Began as a Deep Elf Hunter on June 23, 2023.
             Slain by Ijyb
             ... wielding a +0 club
              (4 damage)
             ... on level 3 of the Dungeon.
             The game lasted 00:00:41 (1375 turns).

qw the Shooter (Deep Elf Hunter)                    Turns: 1375, Time: 00:00:42

Health: -1/25      AC:  6    Str: 10    XL:     4   Next: 32%
Magic:  6/6        EV: 11    Int: 14    God:
Gold:   187        SH:  0    Dex: 18    Spells: 3/3 levels left

rFire   . . .        Y - +0 shortbow
rCold   . . .        (shield currently unavailable)
rNeg    . . .        i - +0 ring mail
rPois   .            (no helmet)
rElec   .            (no cloak)
rCorr   .            (no gloves)
SInv    +            j - +0 pair of boots
Will    .....        (no amulet)
Stlth   +            f - ring of see invisible
HPRegen 0.24/turn    (no ring)
MPRegen 0.10/turn

%: no passive effects
@: about to teleport
A: no striking features
a: no special abilities


You were on level 3 of the Dungeon.
You visited 1 branch of the dungeon, and saw 3 of its levels.

You collected 187 gold pieces.


   Skills:
 - Level 1.5 Fighting
 + Level 7.7 Ranged Weapons
 - Level 2.4 Dodging
 - Level 1.2 Stealth


You had 3 spell levels left.
You didn't know any spells.
Your spell library was empty.

Inventory:

Hand Weapons
 Y - a +0 shortbow (weapon)
Armour
 i - a +0 ring mail (worn)
 j - a +0 pair of boots (worn)
Jewellery
 f - a ring of see invisible (left hand)
Scrolls
 b - a scroll of fear {unknown}
 c - a scroll of immolation {unknown}
 e - a scroll of identify
Potions
 a - a potion of degeneration {unknown}
 g - a potion of curing
 h - a potion of enlightenment
 k - a potion of cancellation {unknown}

Dungeon Overview and Level Annotations

Branches:
Dungeon (3/15)

Altars:

Shops:
D:1 (

Annotations:
D:3 Ijyb


Message History

Enter note:
Enter note: You shoot an arrow.
The arrow hits Ijyb but does no damage.
Ijyb shouts!
A rat comes into view.
You shoot an arrow. The arrow closely misses Ijyb.
You shoot an arrow. The arrow hits Ijyb.
Ijyb is lightly wounded.
A hobgoblin comes into view.
You shoot an arrow. The hobgoblin shouts!
The arrow hits Ijyb but does no damage.
Ijyb is lightly wounded.
You shoot an arrow. The arrow closely misses Ijyb.
Ijyb zaps a wand.
The roots erupt in riotous growth!
The grasping roots grab you! The grasping roots constrict you.
You hear an angry hiss.
You shoot an arrow. The arrow hits Ijyb.
Ijyb is moderately wounded.
The grasping roots constrict you.
You shoot an arrow. The arrow hits Ijyb.
Ijyb is moderately wounded.
Ijyb hits you with a +0 club. The grasping roots constrict you!
The rat bites you but does no damage.
You shoot an arrow. The arrow hits Ijyb.
Ijyb is heavily wounded.
Ijyb barely misses you. The grasping roots constrict you.
The rat completely misses you.
The grasping roots release their grip on you.
1373 ||| READING scroll of teleportation.
As you read the scroll of teleportation, it crumbles to dust.
You feel strangely unstable. Ijyb hits you with a +0 club.
The rat bites you but does no damage.
You shoot an arrow. The arrow closely misses Ijyb.
The hobgoblin misses you. The rat barely misses you. Ijyb closely misses you.
You shoot an arrow. The arrow closely misses Ijyb.
An adder comes into view.
Ijyb hits you with a +0 club.
You die...

#...#...#.............++......
##......#.............##......
#...####.........######....#.
+... #.........# ......#. #...
###...%##.# . ....[.#+
+....##+#.. ........
#........... .... ###.........
.... #@........ ....
#.ggr.....%. .... #...........
.... #.........S. ..#+
#........... #. ###........ +
.......## ... .......# ...
#...


You could see Ijyb, an adder, a hobgoblin and a rat.

Vanquished Creatures
  3 adders
  2 worms (D:2)
  A dart slug (D:2)
  2 orcs
  8 ball pythons
  5 endoplasms
  3 giant cockroaches
  9 goblins
  2 hobgoblins
  3 quokkas
  5 bats
  2 frilled lizards
  3 kobolds
  6 rats
54 creatures vanquished.

Notes
Turn   | Place    | Note
-------+----------+-------------------------------------------
     0 | D:1      | qw the Deep Elf Hunter began the quest for the Orb.
     0 | D:1      | Reached XP level 1. HP: 12/12 MP: 3/3
     0 | D:1      | 0 ||| qw: Version: 0.3-a-9-g12657ce
     0 | D:1      | 0 ||| qw: Game counter: 3193
     0 | D:1      | 0 ||| qw: Always use a shield: true
     0 | D:1      | 0 ||| qw: God list: Okawaru
     0 | D:1      | 0 ||| qw: Allow faded altars: false
     0 | D:1      | 0 ||| qw: Do Orc after D:15 true
     0 | D:1      | 0 ||| qw: Do second Lair branch before Depths: true
     0 | D:1      | 0 ||| qw: Lair rune preference: random
     0 | D:1      | 0 ||| qw: Plans: Normal
     0 | D:1      | 0 ||| PLANNING D:1-11
   232 | D:1      | Reached XP level 2. HP: 16/16 MP: 4/4
   242 | D:1      | Reached skill level 6 in Ranged Weapons
   336 | D:1      | Found Hucilior's Antique Weapon Shop.
   344 | D:1      | 344 ||| SHOPLISTING glowing arbalest (180 gold, have 74).
   424 | D:1      | 424 ||| UPGRADING to +0 ring mail.
   434 | D:1      | 434 ||| DROPPING +0 leather armour.
   435 | D:1      | 435 ||| UPGRADING to ring of see invisible.
   436 | D:1      | 436 ||| READING scroll labelled URUIKH WEOJI.
   440 | D:1      | 440 ||| READING 2 scrolls labelled PAPRUF UFADEL.
   441 | D:1      | 441 ||| READING scroll labelled CIOMMO DUOFURGH.
   442 | D:1      | 442 ||| DROPPING scroll of butterflies.
   762 | D:2      | Reached XP level 3. HP: 20/20 MP: 5/5
   857 | D:2      | Reached skill level 7 in Ranged Weapons
  1092 | D:2      | 1092 ||| UPGRADING to +0 pair of boots.
  1097 | D:2      | 1097 ||| READING scroll labelled NUSICEE TEIBBO.
  1098 | D:2      | 1098 ||| READING scroll labelled QUUHATU ATHA.
  1099 | D:2      | 1099 ||| READING 3 scrolls labelled MOUKKO EMMUEXO.
  1100 | D:2      | 1100 ||| DRINKING 2 purple potions.
  1101 | D:2      | 1101 ||| DRINKING 2 fizzy amethyst potions.
  1102 | D:2      | 1102 ||| DROPPING 2 scrolls of revelation.
  1190 | D:3      | Reached XP level 4. HP: 25/25 MP: 6/6
  1364 | D:3      | Noticed Ijyb
  1372 | D:3      | HP: 4/25 [constriction (4)]
  1373 | D:3      | 1373 ||| READING scroll of teleportation.
  1375 | D:3      | Slain by Ijyb

Levels and vault maps discovered:
D:1:      matt_arrival_refuge, layout_rooms, serial_shops,
          nicolae_shop_tiny_statue_garden, hangedman_abyss_or_decor_lesser_grid
D:2:      minmay_chambers_of_ones, layout_rooms, minmay_quadrilaterals
D:3:      layout_basic, minmay_between, uniq_ijyb, uniq_crazy_yiuf_cottage

Skill      XL: |  1  2  3 |
---------------+----------+-----
Ranged Weapons | 6 7 |  7.7
Fighting       | |  1.5
Dodging        | |  2.4
Stealth        | |  1.2

Action                     |  1- 3 |  4- 6 || total
---------------------------+-------+-------++-------
   Fire: Shortbow          |   116 |    38 ||   154
    Use: Scroll            |     6 |     1 ||     7
         Potion            |     2 |       ||     2
 Armour: Leather armour    |     3 |       ||     3
         Ring mail         |     4 |     5 ||     9
  Dodge: Dodged            |    21 |    11 ||    32

Table legend:
 A = Non-vault XP
 B = Vault XP
 C = Vault XP percentage of total XP
 D = Non-vault monster count
 E = Vault monster count
 F = Vault count percentage of total count
                 A         B        C        D         E       F
            +---------+---------+-------+---------+---------+-------
      Total |      89 |      40 |  31.0 |      40 |      14 |  25.9
            +---------+---------+-------+---------+---------+-------
        D:1 |      18 |       0 |   0.0 |      13 |       0 |   0.0
        D:2 |      26 |      37 |  58.7 |      15 |      12 |  44.4
        D:3 |      45 |       3 |   6.2 |      12 |       2 |  14.3
            +---------+---------+-------+---------+---------+-------
